Map: [ESL] Babylon

Players

MKLOL

  • Race: Protoss Protoss
  • League: Diamond
  • Spawn Location: 11:00

PiG - Winner!

  • Race: Zerg Zerg
  • League: Master
  • Spawn Location: 5:00

VOD

Have the link to the VOD?

Description

Time

  • Played on: April 18, 2023, 7:14 p.m.
  • Length: 17:02
Show
View Real Time Build Order
Export as new Build Order

MKLOL Protoss 

Build Orders: 1 Gate Expand, Oracle Opening 

Get SALT Encoding   

  12  0:00  Probe  
  13  0:12  Probe  
  14  0:20  Pylon  
  14  0:24  Probe  
  15  0:38  Probe (Chrono Boost)  
  15  0:40  Gateway  
  16  0:50  Assimilator  
  16  0:51  Probe (Chrono Boost)  
  17  1:00  Probe (Chrono Boost)  
  18  1:05  Probe  
  19  1:25  Nexus  
  19  1:29  Probe  
  20  1:42  Cybernetics Core  
  20  1:43  Probe (Chrono Boost)  
  21  1:49  Assimilator  
  21  1:56  Pylon  
  21  2:00  Probe (Chrono Boost)  
  22  2:15  Adept (Chrono Boost), Probe  
  23  2:20  Warp Gate  
  25  2:29  Probe  
  26  2:38  Stargate  
  26  2:41  Probe  
  27  2:44  Stalker  
  29  2:51  Probe  
  29  2:53  Probe  
  31  3:03  Probe  
  31  3:05  Probe  
  33  3:15  Probe  
  33  3:17  Probe (Chrono Boost)  
  33  3:20  Oracle (Chrono Boost), Shield Battery  
  36  3:29  Probe (Chrono Boost)  
  36  3:33  Probe (Chrono Boost)  
  38  3:34  Pylon  
  38  3:37  Probe (Chrono Boost)  
  38  3:41  Probe (Chrono Boost)  
  40  3:43  Probe  
  40  3:47  Oracle (Chrono Boost)  
  41  3:52  Probe  
  45  3:55  Probe  
  45  4:01  Robotics Facility  
  46  4:04  Probe  
  46  4:07  Probe  
  48  4:16  Probe  
  49  4:20  Probe  
  47  4:30  Adept  
  49  4:31  Probe  
  49  4:32  Probe  
  49  4:34  Pylon  
  49  4:36  Nexus  
  51  4:38  Pylon  
  51  4:40  Oracle (Chrono Boost)  
  54  4:48  Assimilator  
  54  4:49  Assimilator  
  54  4:52  Probe x2  
  56  4:57  Shield Battery  
  56  5:04  Probe x2  
  58  5:15  Robotics Bay  
  58  5:16  Stalker, Probe x2  
  62  5:25  Gateway x2  
  62  5:28  Probe x2  
  62  5:33  Oracle  
  67  5:40  Probe x2  
  69  5:50  Probe  
  69  5:52  Probe x2  
  72  6:00  Colossus (Chrono Boost)  
  72  6:02  Probe  
  79  6:04  Probe x2, Extended Thermal Lance  
  79  6:07  Pylon  
  81  6:14  Probe  
  81  6:17  Probe x2  
  84  6:25  Oracle, Pylon  
  87  6:26  Probe  
  87  6:28  Forge, Pylon  
  87  6:29  Forge, Probe x2  
  87  6:30  Adept  
  92  6:38  Probe  
  93  6:41  Colossus (Chrono Boost)  
  93  6:43  Probe x2  
  101  6:48  Protoss Ground Weapons Level 1 (Chrono Boost)  
  101  6:49  Protoss Ground Armor Level 1 (Chrono Boost)  
  101  6:50  Probe  
  102  6:55  Probe x2  
  102  6:56  Assimilator  
  102  7:00  Assimilator  
  104  7:02  Probe  
  104  7:05  Nexus  
  104  7:08  Probe  
  106  7:11  Probe  
  106  7:14  Probe  
  108  7:20  Probe  
  109  7:28  Pylon  
  109  7:29  Pylon  
  109  7:32  Pylon  
  109  7:42  Colossus (Chrono Boost)  
  109  7:46  Probe x2  
  109  7:47  Probe  
  109  7:49  Stalker x3  
  124  7:55  Gateway  
  124  7:56  Shield Battery, Gateway  
  124  7:58  Shield Battery, Probe x2  
  126  7:59  Gateway, Probe  
  126  8:00  Shield Battery  
  126  8:01  Pylon  
  126  8:02  Photon Cannon  
  127  8:10  Probe x2  
  127  8:12  Pylon  
  129  8:13  Pylon  
  129  8:23  Probe x3  
  129  8:26  Colossus (Chrono Boost), Stalker  
  129  8:27  Stalker x2  
  133  8:30  Photon Cannon  
  133  8:31  Probe  
  133  8:32  Photon Cannon  
  142  8:35  Probe x3, Pylon  
  145  8:47  Twilight Council  
  139  9:00  Stalker x6  
  151  9:06  Colossus (Chrono Boost)  
  157  9:11  Assimilator  
  157  9:13  Forge  
  157  9:16  Assimilator  
  157  9:19  Protoss Ground Weapons Level 2 (Chrono Boost)  
  157  9:21  Pylon  
  157  9:22  Pylon  
  157  9:24  Photon Cannon, Pylon  
  157  9:25  Shield Battery  
  157  9:27  Photon Cannon  
  157  9:28  Zealot  
  157  9:29  Zealot x4  
  157  9:30  Protoss Ground Armor Level 2 (Chrono Boost)  
  157  9:31  Photon Cannon  
  167  9:32  Shield Battery  
  167  9:35  Charge (Chrono Boost), Photon Cannon  
  167  9:38  Pylon  
  167  9:51  Zealot  
  167  9:52  Zealot x5  
  179  9:53  Observer  
  180  10:01  Gateway x2  
  180  10:02  Protoss Shields Level 1 (Chrono Boost)  
  180  10:05  Gateway  
  180  10:13  Gateway  
  180  10:18  Gateway  
  180  10:20  Gateway  
  180  10:25  Sentry x2  
  180  10:26  Sentry  
  133  10:49  Zealot x6  
  119  10:53  Colossus (Chrono Boost)  
  121  11:05  Zealot x3  
  127  11:12  Templar Archives  
  127  11:14  Pylon  
  126  11:24  Zealot x2  
  126  11:25  Zealot x5  
  140  11:27  Probe x3  
  143  11:34  Nexus  
  143  11:37  Blink (Chrono Boost)  
  143  11:38  Nexus  
  143  11:39  Probe  
  144  11:43  Protoss Ground Weapons Level 3 (Chrono Boost)  
  144  11:45  Stalker  
  146  11:49  High Templar x4  
  146  11:53  Archon x2  
  154  11:54  High Templar  
  154  11:55  High Templar x3  
  154  11:59  Archon x2  
  162  12:05  Photon Cannon  
  162  12:07  Shield Battery  
  162  12:15  Pylon  
  162  12:17  Pylon  
  162  12:18  High Templar  
  162  12:22  Psionic Storm  
  164  12:26  Pylon  
  142  12:52  High Templar x3  
  112  13:09  Nexus  
  112  13:10  High Templar x2  
  108  13:15  Zealot  
  108  13:16  Zealot x3  
  109  13:34  Zealot x3  
  101  13:38  Zealot x4  
  83  14:57  Nexus  
  83  14:59  Pylon  
  83  15:01  Pylon  
  53  15:31  Nexus  
  49  16:11  Gateway  
Show
View Real Time Build Order
Export as new Build Order

PiG Zerg - Winner!

Build Orders: Hatch First 

Get SALT Encoding   

  12  0:01  Drone  
  13  0:16  Overlord  
  13  0:21  Drone  
  14  0:34  Drone x2  
  16  0:38  Drone  
  17  0:54  Hatchery  
  16  0:58  Drone  
  16  1:01  Drone  
  18  1:14  Extractor  
  18  1:16  Spawning Pool  
  17  1:18  Drone  
  17  1:23  Drone  
  18  1:33  Drone  
  19  1:44  Drone  
  20  1:55  Overlord  
  20  2:06  Queen x2  
  20  2:07  Zergling x4  
  26  2:16  Metabolic Boost  
  26  2:20  Drone x2  
  28  2:29  Drone  
  30  2:30  Drone  
  30  2:40  Hatchery  
  29  2:50  Queen  
  31  2:53  Overlord  
  31  3:03  Drone x4  
  35  3:10  Overlord  
  34  3:22  Drone  
  34  3:23  Drone x2  
  37  3:27  Drone x3  
  37  3:29  Overlord  
  40  3:44  Zergling x2  
  40  3:45  Zergling x4  
  43  3:53  Drone x8  
  51  4:00  Extractor  
  50  4:03  Baneling Nest, Spore Crawler  
  50  4:04  Spore Crawler  
  45  4:17  Drone x7  
  52  4:31  Queen x2  
  52  4:33  Queen  
  58  4:40  Spore Crawler  
  58  4:42  Overlord  
  58  4:43  Overlord  
  58  4:44  Drone x6  
  63  5:14  Drone x5  
  63  5:15  Drone x5  
  63  5:17  Overlord x3  
  63  5:21  Lair  
  73  5:24  Evolution Chamber  
  73  5:26  Evolution Chamber  
  71  5:54  Hatchery  
  71  5:55  Hatchery  
  69  6:03  Drone x2  
  69  6:04  Drone  
  72  6:09  Zergling x22  
  72  6:10  Zergling x2  
  84  6:11  Overlord x2  
  84  6:12  Hatchery  
  83  6:20  Hatchery  
  83  6:25  Zerg Melee Weapons Level 1, Zerg Ground Armor Level 1, Centrifugal Hooks  
  82  6:32  Drone x6  
  88  6:35  Drone x2  
  88  6:37  Drone  
  88  6:38  Overlord x2  
  91  6:44  Extractor  
  91  6:45  Extractor  
  91  6:46  Extractor  
  88  6:47  Extractor  
  87  6:58  Drone x3  
  87  7:00  Hatchery, Drone x3  
  92  7:04  Drone x2  
  92  7:05  Drone  
  92  7:06  Drone x3  
  98  7:13  Zergling x14  
  105  7:16  Hydralisk Den  
  105  7:20  Overlord x2  
  104  7:37  Spore Crawler  
  103  7:52  Muscular Augments  
  103  7:53  Hydralisk x14  
  103  7:56  Zergling x2  
  103  7:57  Hatchery, Zergling x18  
  136  8:33  Zerg Melee Weapons Level 2  
  136  8:35  Zerg Missile Weapons Level 1  
  136  8:58  Hydralisk x4  
  136  8:59  Hydralisk x2  
  136  9:00  Zergling x32  
  136  9:02  Overlord x2  
  163  9:33  Zergling x20  
  163  9:34  Zergling x24  
  163  9:36  Overlord x3  
  185  9:39  Baneling x24  
  185  9:40  Baneling x23  
  185  9:49  Overseer  
  185  10:03  Extractor  
  185  10:04  Extractor, Drone x3  
  185  10:05  Drone x3  
  185  10:06  Drone x5  
  185  10:07  Drone x3  
  197  10:16  Grooved Spines  
  129  10:55  Hydralisk x14  
  129  10:56  Zergling x20  
  129  10:57  Zergling x18  
  170  11:03  Zerg Missile Weapons Level 2  
  170  11:04  Zerg Ground Armor Level 2  
  169  11:34  Zergling x54  
  196  11:42  Baneling x3  
  196  11:43  Baneling x44  
  196  11:45  Baneling  
  199  11:47  Zergling x6  
  199  12:14  Extractor  
  199  12:15  Extractor  
  167  13:11  Zergling x30  
  167  13:12  Zergling x66  
  195  13:28  Hydralisk x4  
  176  13:37  Hydralisk x12  
  176  13:39  Baneling  
  176  13:40  Baneling x33  
  193  14:07  Zergling x26  
  165  14:27  Hatchery  
  165  14:29  Zergling x56  
  157  14:47  Zergling x10  
  144  15:07  Zergling x12  
  144  15:24  Zergling x8  
  144  15:25  Zergling x2  
  135  15:58  Zergling x32  
  151  16:09  Baneling x14  
Tags
 
Add a new tag
Caveats
  • Supply blocks, unpowered buildings, or Contaminate may cause inaccurate times.
  • Supply counts are checked every 10 seconds.